 Dungeon Crawl Stone Soup version 0.31-a0-940-gdaa99269f9 (webtiles) character file.

Game seed: 5714852756548652416

1944 grindst0ne the Fighter (level 9, 0/10 HPs)
             Began as an Ogre Gladiator on Oct 20, 2023.
             Was a High Priest of Ashenzari.
             Slain by a hound (4 damage)
             ... on level 6 of the Dungeon.
             The game lasted 00:21:25 (6042 turns).

grindst0ne the Fighter (Ogre Gladiator)             Turns: 6042, Time: 00:21:25

Health: 0/10       AC:  2    Str: 20    XL:     9   Next: 18%
Magic:  21/21      EV: 10    Int: 13    God:    Ashenzari [*****.]
Gold:   472        SH:  0    Dex: 10    Spells: 13/24 levels left

rFire   . . .        m - melded +2 dagger "Cursed Fetters" {venom, Comp, Self} (curse)
rCold   + . .        n - melded orb of Panopticon {*Rage, Fort, Self} (curse)
rNeg    . . .        b - +0 robe "Negation of Ashenzari" {Elem, Self} (curse)
rPois   .            c - +0 hat of Ashenzari's Seeker {Melee, Comp} (curse)
rElec   .            v - +0 cloak of the Cryptic Apathy {Bglg, Melee} (curse)
rCorr   .            (gloves unavailable)
SInv    +            (boots unavailable)
Will    +....        h - amulet of the Tethered Sun {Regen+, Self, Bglg} (curse)
Stlth   +            i - ring of Ashenzari's Jealousy {rC+, Comp, Self} (curse)
HPRegen 1.01/turn    z - ring of willpower
MPRegen 0.17/turn

%: clarity
@: blade hands
A: reduced hp, large, unfitting armour, tough skin 1
a: Begin Untransformation, Renounce Religion, Curse Item, Shatter the Chains


You were on level 6 of the Dungeon.
You worshipped Ashenzari.
Ashenzari was extremely pleased with you.
You had blades for hands.
You visited 1 branch of the dungeon, and saw 6 of its levels.
You also visited: Sewer.

You collected 472 gold pieces.

Inventory:

Hand Weapons
 a - a +0 war axe
 j - a +0 dagger of protection
 m - the cursed +2 dagger "Cursed Fetters" (melded) {venom, Comp, Self}
   (You took it off an orc priest on level 3 of the Dungeon)

   It has a curse which improves the following skills: Companions: Summonings
   and Necromancy.
   Introspection: Fighting and Spellcasting.
 q - a +4 club
Missiles
 d - 3 throwing nets (quivered)
 e - a large rock
Armour
 b - the cursed +0 robe "Negation of Ashenzari" (worn) {Elem, Self}

   It has a curse which improves the following skills: Elements: Fire Magic, Ice
   Magic, Air Magic and Earth Magic.
   Introspection: Fighting and Spellcasting.
 c - the cursed +0 hat of Ashenzari's Seeker (worn) {Melee, Comp}

   It has a curse which improves the following skills: Melee Combat: Short
   Blades, Long Blades, Axes, Maces & Flails, Polearms, Staves and Unarmed
   Combat.
   Companions: Summonings and Necromancy.
 n - the cursed orb of Panopticon (melded) {*Rage, Fort, Self}
   (You found it on level 2 of the Dungeon)

   It has a curse which improves the following skills: Fortitude: Armour and
   Shields.
   Introspection: Fighting and Spellcasting.
 v - the cursed +0 cloak of the Cryptic Apathy (worn) {Bglg, Melee}
   (You found it in a sewer)

   It has a curse which improves the following skills: Beguiling: Conjurations,
   Hexes and Translocations.
   Melee Combat: Short Blades, Long Blades, Axes, Maces & Flails, Polearms,
   Staves and Unarmed Combat.
 C - a +2 hat
Jewellery
 h - the cursed amulet of the Tethered Sun (around neck) {Regen+, Self, Bglg}
   (You found it on level 1 of the Dungeon)

   [amulet of regeneration]

   Regen+:    It increases your rate of health regeneration.
   It has a curse which improves the following skills: Introspection: Fighting
   and Spellcasting.
   Beguiling: Conjurations, Hexes and Translocations.
 i - the cursed ring of Ashenzari's Jealousy (left blade hand) {rC+, Comp, Self}
   (You found it on level 1 of the Dungeon)

   [ring of protection from cold]

   rC+:       It protects you from cold.
   It has a curse which improves the following skills: Companions: Summonings
   and Necromancy.
   Introspection: Fighting and Spellcasting.
 y - an amulet of magic regeneration
 z - a ring of willpower (right blade hand)
Talismans
 D - a blade talisman (active)
Wands
 p - a wand of flame (2)
 w - a wand of digging (8)
Scrolls
 f - 3 scrolls of enchant weapon
 k - 2 scrolls of amnesia
 l - 6 scrolls of teleportation
 o - 2 scrolls of fog
 r - a scroll of revelation
 s - 2 scrolls of enchant armour
 t - a scroll of brand weapon
 u - a scroll of blinking
 x - a scroll of poison
 E - a scroll of vulnerability
Potions
 g - 2 potions of curing
 A - 2 potions of enlightenment
 B - a potion of lignification
 F - a potion of might


   Skills:
 + Level 8.3(12.5) Fighting
 - Level 3.0(5.6) Axes
 - Level 6.3 Throwing
 - Level 2.6 Dodging
 * Level 0.0(0.4) Unarmed Combat
 - Level 4.3(8.1) Spellcasting
 - Level 3.4(6.2) Summonings
 - Level 4.4(6.5) Air Magic
 - Level 0.7(1.8) Earth Magic
 * Level 0.0 Shapeshifting


You had 13 spell levels left.
You knew the following spells:

 Your Spells              Type           Power      Damage    Failure   Level
a - Summon Lightning Spi  Summ/Air       21%        N/A       10%         4
b - Blink                 Tloc           12%        N/A       17%         2
c - Lee's Rapid Deconstr  Erth           5%         3d6*      87%         5

Your spell library contained the following spells:

 Spells                   Type           Power      Damage    Failure   Level
 Summon Small Mammal      Summ           84%        N/A       1%          1
 Sandblast                Erth           20%        2d7       6%          1
 Apportation              Tloc           12%        N/A       12%         1
 Necrotise                Necr           24%        1d5       12%         1
 Passwall                 Tmut/Erth      5%         N/A       14%         2
 Stone Arrow              Conj/Erth      16%        3d8       26%         3
 Animate Armour           Summ/Erth      30%        N/A       26%         4
 Ozocubu's Armour         Ice            6%         N/A       36%         3
 Brom's Barrelling Bould  Conj/Erth      8%         2d3       63%         4
 Manifold Assault         Tloc           6%         N/A       75%         4
 Metabolic Englaciation   Hex/Ice        3%         N/A       97%         5
 Simulacrum               Ice/Necr       3%         N/A       100%        6


Dungeon Overview and Level Annotations

Branches:
Dungeon (6/15)             Temple (0/1) D:6           Sewer (visited)

Altars:
Ashenzari
Dithmenos
Gozag
Kikubaaqudgha
Uskayaw
Yredelemnul
Zin

Shops:
D:2 !   D:4 *   D:5 :


Innate Abilities, Weirdness & Mutations

You have blades for hands.
Your maximum health is decreased, since you lack skill for your form.
You are incapable of wielding weapons or throwing items.
You are too large for most types of armour.
You have tough skin. (AC +1)


Message History

The shadow imp shouts, "Return whence thou came, thou wayward motley-minded hugger-mugger!"
A shadow imp is nearby!
Unknown command.
The shadow imp shouts, "Decamp, thou fobbing guts-griping socdollager!"
The shadow imp hits you but does no damage.
You barely miss the shadow imp.
The shadow imp hits you but does no damage.
You closely miss the shadow imp. The shadow imp hits you.
You slash the shadow imp!
The shadow imp is almost dead.
The shadow imp barely misses you.
You hit the shadow imp.
You kill the shadow imp!
Found 7 gold pieces.
You now have 472 gold pieces (gained 7).
A hound comes into view.
The hound barks!
The hound barely misses you.
You completely miss the hound.
The hound bites you but does no damage. x2
You hit the hound.
The hound is moderately wounded.
The hound barely misses you.
You hit the hound but do no damage.
The hound is moderately wounded.
The hound bites you. x2
* * * LOW HITPOINT WARNING * * *
You closely miss the hound.
The hound is moderately wounded.
The hound bites you but does no damage.
You closely miss the hound.
The hound is moderately wounded.
The hound closely misses you. The hound misses you.
You hit the hound.
The hound is heavily wounded.
The hound bites you.
* * * LOW HITPOINT WARNING * * *
You hit the hound.
The hound is almost dead.
The hound bites you.
You die...

######################*********
#.............@h......,,,,,,,,,
#.####################*****###*
#.# #..,,,,,,..# #.########
#.#******#.# #........#
#.###### #.# #........#
#.##...# #.# #........#
########.##...###.## #........#
#>........'..(...... #........#
#.#.####.##...###.#.


You could see a hound.

Vanquished Creatures
  Sigmund (D:3)
  A steam dragon (D:6)
  2 ice beasts (D:5)
  An ogre (D:4)
  A phantom (D:5)
  2 bullfrogs (Sewer)
  2 scorpions
  2 water moccasin zombies (D:5)
  A centaur zombie (D:5)
  2 hounds
  2 jellies
  4 orc priests
  Crazy Yiuf (D:4)
  2 iguanas (D:5)
  Ijyb (D:3)
  Terence (D:3)
  4 orc wizards
  A scorpion zombie (D:5)
  A howler monkey zombie (D:5)
  17 adders
  3 shadow imps
  A white imp (D:3)
  An adder zombie (D:5)
  3 worms
  3 dart slugs
  19 orcs
  5 endoplasms
  6 giant cockroaches
  6 hobgoblins
  9 quokkas
  4 ball pythons
  6 bats
  8 frilled lizards
  6 goblins
  5 kobolds
  6 rats
140 creatures vanquished.

Vanquished Creatures (collateral kills)
  A water moccasin (D:6)
  An orc (D:6)
2 creatures vanquished.

Grand Total: 142 creatures vanquished

Notes
Turn   | Place    | Note
-------+----------+-------------------------------------------
     0 | D:1      | grindst0ne the Ogre Gladiator began the quest for the Orb.
     0 | D:1      | Reached XP level 1. HP: 22/22 MP: 1/1
    84 | D:1      | Found a faded altar of an unknown god.
    92 | D:1      | Prayed at the altar of an unknown god.
    92 | D:1      | Became a worshipper of Ashenzari the Shackled
   563 | D:1      | Reached * piety under Ashenzari
   824 | D:1      | Reached skill level 3 in Fighting
   996 | D:2      | Reached XP level 2. HP: 32/32 MP: 3/3
  1103 | D:2      | Reached skill level 1 in Spellcasting
  1143 | D:2      | Found Ilajevow's Distillery.
  1181 | D:2      | Reached XP level 3. HP: 39/39 MP: 5/5
  1362 | D:2      | Found an opulent altar of Gozag.
  1383 | D:2      | Reached ** piety under Ashenzari
  1827 | D:3      | Reached skill level 4 in Fighting
  1827 | D:3      | Reached XP level 4. HP: 50/50 MP: 9/9
  1851 | D:3      | Noticed Sigmund
  1878 | D:3      | Killed Sigmund
  1879 | D:3      | Reached skill level 5 in Fighting
  1879 | D:3      | Reached XP level 5. HP: 61/61 MP: 10/12
  1879 | D:3      | Reached XP level 6. HP: 68/68 MP: 10/13
  1919 | D:3      | Noticed Ijyb
  1940 | D:3      | Killed Ijyb
  1968 | D:3      | Noticed Terence
  1993 | D:3      | Killed Terence
  2111 | D:3      | Reached *** piety under Ashenzari
  2164 | D:3      | Found a shadowy altar of Dithmenos.
  2642 | D:4      | Found Meamp's Lightly-Used Armoury.
  2708 | D:4      | Found a glowing drain.
  2727 | D:4      | Reached XP level 7. HP: 73/81 MP: 17/17
  2734 | Sewer    | Entered a sewer
  2779 | Sewer    | Reached skill level 6 in Fighting
  2836 | Sewer    | Reached **** piety under Ashenzari
  3017 | D:4      | Reached skill level 5 in Throwing
  3221 | D:4      | Found a runed translucent door.
  3222 | D:4      | Noticed Crazy Yiuf
  3231 | D:4      | Killed Crazy Yiuf
  3280 | D:4      | Learned a level 4 spell: Summon Lightning Spire
  3467 | D:4      | Reached ***** piety under Ashenzari
  3513 | D:4      | Found a glowing silver altar of Zin.
  3605 | D:5      | Entered Level 5 of the Dungeon
  3660 | D:5      | Reached skill level 7 in Fighting
  3667 | D:5      | Reached skill level 1 in Summonings
  3667 | D:5      | Reached skill level 1 in Air Magic
  3738 | D:4      | Reached XP level 8. HP: 26/98 MP: 20/20
  4150 | D:5      | Found a basalt altar of Yredelemnul.
  4185 | D:5      | Found a hide-covered altar of Uskayaw.
  4298 | D:5      | Found Zucvyzeo's Self-Published Books.
  4607 | D:5      | Found an ancient bone altar of Kikubaaqudgha.
  5379 | D:6      | Reached skill level 8 in Fighting
  5433 | D:6      | Reached XP level 9. HP: 54/111 MP: 22/22
  5608 | D:6      | Learned a level 2 spell: Blink
  5614 | D:6      | Learned a level 5 spell: Lee's Rapid Deconstruction
  5885 | D:6      | Found a staircase to the Ecumenical Temple.
  6042 | D:6      | Slain by a hound

Illustrated notes

Levels and vault maps discovered:
D:1:      lightli_arrival_windingriver, layout_basic, basic_ecumenical_altar
D:2:      layout_basic, basic_altar, serial_shops, shop
D:3:      layout_loops_ring, nicolae_dithmenos_through_a_glass_darkly,
          kennysheep_doodads, uniq_sigmund, uniq_terence, uniq_ijyb
D:4:      layout_cave_pools, zin_academy, portal_sewer_entry_d,
          minmay_shop_damaged, uniq_crazy_yiuf_cottage
D:5:      layout_layer_cave, nicolae_yredelemnul_corpse_copse,
          lemuel_coloured_pillars_altar, mainiacjoe_overflow_catwalk,
          nicolae_custom_books, supply_closet_lemuel, roderic_lattice_a,
          minmay_bent
D:6:      layout_basic, minmay_temple_entry_fiery, kennysheep_generic_room_4

Skill      XL: |  1  2  3  4  5  6  7  8 |
---------------+-------------------------+-----
Fighting       | 3 4 5 7 8 |  8.3
Spellcasting   | 1 2 3 4 |  4.3
Throwing       | 3 4 5 6 |  6.3
Summonings     | 1 3 |  3.4
Air Magic      | 1 4 |  4.4
Axes           | |  3.0
Dodging        | |  2.6
Earth Magic    | |  0.7

Action                     |  1- 3 |  4- 6 |  7- 9 || total
---------------------------+-------+-------+-------++-------
  Melee: Dagger            |   219 |    62 |   433 ||   714
         War axe           |     9 |       |       ||     9
         Punch             |     1 |       |       ||     1
         Club              |       |    75 |       ||    75
         Unarmed           |       |       |    11 ||    11
   Cast: Summon Lightning  |       |       |     1 ||     1
 Invoke: Curse Item        |     3 |     1 |     3 ||     7
  Evoke: Wand              |       |       |     1 ||     1
    Use: Potion            |       |     2 |     4 ||     6
         Scroll            |       |       |     1 ||     1
 Armour: Robe              |   142 |   121 |   383 ||   646
  Dodge: Dodged            |   113 |    90 |   257 ||   460
   Form: Blade             |       |       |     1 ||     1

Table legend: (Time is in decaauts)
 A = Elapsed time spent in this place.
 B = Non-inter-level travel time spent in this place.
 C = Inter-level travel time spent in this place.
 D = Time resting spent in this place.
 E = Time spent auto-exploring this place.
 F = Levels seen in this place.
 G = Mean time per level.
                   A        B        C        D        E       F      G
               +--------+--------+--------+--------+--------+-----+--------+
         Total |   6091 |   5873 |    218 |    143 |   3816 |   7 |  870.1 |
       Dungeon |   5835 |   5617 |    218 |    143 |   3767 |   6 |  972.5 |
         Sewer |    256 |    256 |      0 |      0 |     49 |   1 |  256.0 |
               +--------+--------+--------+--------+--------+-----+--------+

Top non-repeatable levels by time:
     D:5: 1624 daAuts
     D:1: 965 daAuts
     D:3: 901 daAuts
     D:2: 833 daAuts
     D:4: 820 daAuts
     D:6: 689 daAuts
   Sewer: 256 daAuts
